 Dungeon Crawl Stone Soup version 0.18.1-8-gdd0e5ea (webtiles) character file.

255 GeneralIdiocy the Skirmisher (level 5, -1/66 HPs)
             Began as a Demonspawn Monk on May 21, 2016.
             Slain by a sky beast (5 damage)
             ... on level 3 of the Dungeon.
             The game lasted 00:05:03 (3208 turns).

GeneralIdiocy the Skirmisher (Demonspawn Monk)      Turns: 3208, Time: 00:05:03

Health: -1/66      AC: 22    Str: 13    XL:     5   Next: 91%
Magic:  5/5        EV:  2    Int: 11    God:
Gold:   209        SH:  0    Dex: 15    Spells: 0 memorised, 4 levels left

rFire  . . .     SeeInvis .     l - +0 falchion
rCold  . . .     Gourm    .     (armour currently unavailable)
rNeg   + + +     Faith    .     (no shield)
rPois  +         Spirit   .     (helmet currently unavailable)
rElec  .         Dismiss  .     (cloak currently unavailable)
rCorr  .         Reflect  .     (gloves currently unavailable)
SustAt .         Harm     .     (boots currently unavailable)
MR     .....     NoTele   +     (no amulet)
Stlth  +++.......               (no ring)
                                q - ring of stealth

@: tree-form (expiring), not resistant to hostile enchantments, fairly stealthy
A: (talons 0), powered by pain 2
a: no special abilities


You were on level 3 of the Dungeon.
You were not hungry.
You were a tree.
You visited 1 branch of the dungeon, and saw 4 of its levels.

You collected 209 gold pieces.

Inventory:

Hand Weapons
 l - a +0 falchion (weapon)
Armour
 e - a cursed +0 leather armour (melded)
 j - a +0 helmet (melded)
 t - a cursed +0 cloak (melded)
 v - a +0 pair of gloves (melded)
Jewellery
 q - a ring of stealth (left branch)
Wands
 y - a wand of lightning (3/15)
Scrolls
 a - 5 scrolls of identify {unknown}
 c - 3 scrolls of immolation {unknown}
 d - 4 scrolls of remove curse {unknown}
 f - a scroll of blinking {unknown}
 g - 3 scrolls of teleportation {unknown}
 h - a scroll of noise {unknown}
 r - a scroll of magic mapping {unknown}
 s - a scroll of random uselessness {unknown}
 w - a scroll of amnesia {unknown}
Potions
 i - a potion of cure mutation {unknown}
 m - a potion of brilliance
 p - 2 potions of curing
Books
 u - a book of Summonings

   Spells                             Type                      Level
   a - Recall                         Summoning/Translocation      3
   b - Aura of Abjuration             Summoning                    5
   c - Summon Demon                   Summoning                    5
   d - Summon Forest                  Summoning/Translocation      5
   e - Summon Mana Viper              Hexes/Summoning              5
   f - Shadow Creatures               Summoning                    6
Comestibles
 b - 2 bread rations
 k - 4 fruits
 o - a royal jelly


   Skills:
 - Level 5.3 Fighting
 * Level 3.1 Long Blades
 + Level 0.8 Armour
 - Level 2.6 Dodging
 - Level 1.7 Stealth
 - Level 3.6 Unarmed Combat
 + Level 0.4 Evocations


You had 4 spell levels left.
You didn't know any spells.

Dungeon Overview and Level Annotations

Branches:
Dungeon (4/15)
 Temple: D:4-7

Altars:


Innate Abilities, Weirdness & Mutations

((You have sharp toenails.))
You sometimes gain power by taking damage.


Message History

The sky beast flickers out of sight!
Deactivating autopickup; reactivate with Ctrl-A.
Something hits you but does no damage.
You hit something. Something hits you but does no damage.
You barely miss something. Something hits you but does no damage.
You hit something but do no damage. Something hits you but does no damage.
You miss something. Something hits you but does no damage.
You hit something.
Something hits you but does no damage. x2
You slash something! Something hits you but does no damage.
You barely miss something. Something hits you.
* * * LOW HITPOINT WARNING * * *
Something shocks you.
* * * LOW HITPOINT WARNING * * *
You completely miss something. Something hits you but does no damage.
You closely miss something.
Your transformation is almost over.
Something hits you.
* * * LOW HITPOINT WARNING * * *
Something shocks you.
You die...

#.>....##.######...####
#.###..##.# .......
#....#..# )..####
#.#.#..#.## .# #
#......#.# .## #
###.##.#.# ..## .. ##.
#.#)# #...## ###
##...#.#)##.....#.
#.....♣..#......$. ##
#.....#{.......... ...
#................. ...
##...#.####.....## ###
#####. ....## ## ##.##
##


There were no monsters in sight!

Vanquished Creatures
  An orc wizard (D:3)
  2 orc priests (D:3)
  3 gnolls (D:3)
  5 adders
  A worm (D:2)
  3 dart slugs (D:1)
  2 giant geckos
  9 orcs (D:3)
  3 giant cockroaches
  9 goblins
  7 hobgoblins
  4 jackals (D:3)
  10 kobolds
  2 quokkas
  2 ball pythons
  7 bats
  A giant newt (D:2)
  9 rats
80 creatures vanquished.

Notes
Turn   | Place    | Note
--------------------------------------------------------------
     0 | D:1      | GeneralIdiocy the Demonspawn Monk began the quest for the Orb.
     0 | D:1      | Reached XP level 1. HP: 18/18 MP: 1/1
    80 | D:1      | Gained mutation: You sometimes gain a little power by taking damage. [demonic ancestry]
    80 | D:1      | Reached XP level 2. HP: 17/24 MP: 2/2
   376 | D:1      | Reached skill level 4 in Fighting
   597 | D:1      | Gained mutation: You have sharp toenails. [demonic ancestry]
   597 | D:1      | Reached XP level 3. HP: 30/30 MP: 3/3
  1213 | D:2      | HP: 1/31 [poisoned by an adder]
  1219 | D:2      | HP: 1/31 [poisoned by an adder]
  1535 | D:2      | Reached skill level 1 in Long Blades
  1535 | D:2      | Gained mutation: You sometimes gain power by taking damage. [demonic ancestry]
  1535 | D:2      | Reached XP level 4. HP: 35/38 MP: 4/4
  2461 | D:3      | Reached skill level 5 in Fighting
  2772 | D:3      | Reached XP level 5. HP: 44/44 MP: 5/5
  3045 | D:3      | Noticed a sky beast
  3208 | D:3      | Slain by a sky beast

Skill      XL: |  1  2  3  4  5 |
---------------+----------------+-----
Fighting       | 4 5 |  5.3
Long Blades    | 1 2 3 |  3.1
Armour         | |  0.8
Dodging        | |  2.6
Stealth        | |  1.7
Unarmed Combat | |  3.6
Evocations     | |  0.4

Action                   |  1- 3 |  4- 6 || total
-------------------------+-------+-------++-------
Melee: Unarmed           |    96 |       ||    96
       Punch             |     2 |     1 ||     3
       Falchion          |    45 |   175 ||   220
       Kick              |    16 |    44 ||    60
Evoke: Wand              |       |     2 ||     2
  Use: Potion            |     2 |     2 ||     4
 Stab: Sleeping          |     6 |    10 ||    16
       Distracted        |     1 |       ||     1
  Eat: Chunk             |     2 |     6 ||     8
Armor: Robe              |     2 |       ||     2
       Leather armour    |    25 |    52 ||    77
       Skin              |       |    21 ||    21
Dodge: Dodged            |   109 |    85 ||   194
